 Dungeon Crawl Stone Soup version 0.30-a0-972-gf3ab3527aa (webtiles) character file.

Game seed: 7770125013745860997

16 kae the Insei (level 2, 0/21 HPs)
             Began as a Demonspawn Transmuter on Mar 31, 2023.
             Was an Initiate of Gozag.
             Slain by an adder (4 damage)
             ... on level 2 of the Dungeon.
             The game lasted 00:00:42 (845 turns).

kae the Insei (Demonspawn Transmuter)                Turns: 845, Time: 00:00:43

Health: 0/21       AC:  2    Str: 10    XL:     2   Next: 37%
Magic:  5/5        EV: 12    Int: 14    God:    Gozag
Gold:   109        SH:  0    Dex: 13    Spells: 4/5 levels left

rFire   . . .      SeeInvis .      - Unarmed
rCold   . . .      Faith    .    (no shield)
rNeg    . . .      Spirit   .    a - +0 robe
rPois   .          Reflect  .    (helmet restricted)
rElec   .          Rampage  .    (no cloak)
rCorr   .                        (no gloves)
Will    .....                    (no boots)
Stlth   +                        (no amulet)
HPRegen 0.23/turn                (no ring)
MPRegen 0.09/turn                (no ring)

@: lethally poisoned (0 -> -3)
A: horns 1
a: Renounce Religion, Potion Petition, Call Merchant, Bribe Branch


You were on level 2 of the Dungeon.
You worshipped Gozag.
Gozag was aware of your devotion.
You visited 1 branch of the dungeon, and saw 2 of its levels.

You collected 109 gold pieces.


Innate Abilities, Weirdness & Mutations

You have a pair of small horns on your head.


   Skills:
 - Level 1.0 Fighting
 - Level 1.7 Dodging
 + Level 2.9 Unarmed Combat
 + Level 2.2 Spellcasting
 * Level 2.3 Transmutations


You had 4 spell levels left.
You knew the following spells:

 Your Spells              Type           Power      Damage    Failure   Level
a - Beastly Appendage     Tmut           16%        N/A       9%          1

Your spell library contained the following spells:

 Spells                   Type           Power      Damage    Failure   Level
 Wereblood                Tmut           8%         N/A       14%         2
 Passwall                 Tmut/Erth      3%         N/A       22%         2
 Apportation              Tloc           2%         N/A       24%         1
 Blink                    Tloc           2%         N/A       34%         2
 Ensorcelled Hibernation  Hex/Ice        2%         N/A       34%         2
 Spider Form              Tmut/Pois      4%         N/A       41%         3
 Swiftness                Air            1%         N/A       56%         3
 Ice Form                 Ice/Tmut       4%         N/A       82%         4
 Manifold Assault         Tloc           1%         N/A       93%         4
 Alistair's Intoxication  Tmut/Pois      2%         N/A       99%         5
 Storm Form               Tmut/Air       2%         N/A       100%        7

Inventory:

Missiles
 c - 3 datura-tipped darts
 e - 10 stones
 f - 3 poisoned darts
Armour
 a - a +0 robe (worn)
Potions
 b - a potion of lignification {!q}
 d - a potion of haste {unknown}
 g - a potion of ambrosia {unknown}
 h - a potion of attraction {!q}
 i - a potion of curing {unknown}

Dungeon Overview and Level Annotations

Branches:
Dungeon (2/15) Zot: 11155

Altars:
Gozag

..####.....#...#
.............#.#..
..........#...#...
..........#..#...
##.....#...### ..
###...>..#..#
..........###
.........#$..#
.......@#.....#
......S........#
........#.....#..
.........#...#...
.....##.. ###...#
..... #..# ..#.
.... #.#. #. ....
#... $


You could see an adder.


Message History

You open the large door.
A hobgoblin comes into view.
A hobgoblin is nearby!
A hobgoblin is nearby!
Casting: Beastly Appendage (safe; 10% risk of failure)
Confirm with . or Enter, or press ? or * to list all spells.
Your feet morph into talons.
The hobgoblin shouts! 😎 MP[-1]
You lost 1 mp, and now have 4/5 mp.
There is a large open door here.
You hit the hobgoblin but do no damage. You hit the hobgoblin.
You claw the hobgoblin. The hobgoblin closely misses you.
You hit the hobgoblin but do no damage. The hobgoblin misses you.
A hobgoblin is nearby!
Unknown command.
A hobgoblin is nearby!
Unknown command.
A hobgoblin is nearby!
You hit the hobgoblin. Your kick misses the hobgoblin.
Your headbutt misses the hobgoblin.
Your transformation is almost over.
The hobgoblin misses you.
You hit the hobgoblin. The hobgoblin hits you. 😕 HP[-3]
You take 3 damage, and now have 18/21 hp.
A hobgoblin is nearby!
You hit the hobgoblin.
You kill the hobgoblin!
No target in view!
Your talons disappear.
You now have 109 gold pieces (gained 4).
You open the large door.
There is a large open door here.
You open the door.
There is an open door here.
i - a coppery potion 😎 HP[+3] MP[+1]
Your hp is fully restored (21).
Your mp is fully restored (5).
No target in view!
No target in view!
Found a stone staircase leading down.
Unknown command.
A goblin and a kobold come into view.
The goblin shouts!
The kobold shouts!
There are monsters nearby!
There are monsters nearby!
Casting: Beastly Appendage (safe; 9% risk of failure)
Confirm with . or Enter, or press ? or * to list all spells.
Your feet morph into talons.
An adder comes into view. 😎 MP[-1]
You lost 1 mp, and now have 4/5 mp.
You hit the goblin.
You kill the goblin!
Your transformation is almost over.
You hit the kobold.
You kill the kobold!
The adder bites you.
You are poisoned.
The adder poisons you!
Things that are here:
6 gold pieces; a +0 short sword; 😕 HP[-1]
You take 1 damage, and now have 20/21 hp.
You closely miss the adder. Your kick misses the adder.
You feel sick. The adder closely misses you. The adder misses you.
You barely miss the adder. Your kick misses the adder.
You feel sick. The adder misses you. 😕 HP[-3]
You take 3 damage, and now have 17/21 hp.
You hit the adder but do no damage.
You feel sick. The adder misses you.
You hit the adder.
You feel sick.
The adder bites you but does no damage. 😮 HP[-2]
You take 2 damage, and now have 15/21 hp.
You hit the adder. Your kick misses the adder.
You feel sick. The adder closely misses you.
You miss the adder. You claw the adder, but do no damage.
Your headbutt misses the adder.
You feel sick. The adder bites you.
You are more poisoned.
The adder poisons you!
The adder bites you but does no damage. 😮 HP[-4] MP[+1]
You take 4 damage, and now have 11/21 hp.
Your mp is fully restored (5).
You barely miss the adder. Your kick misses the adder.
Your talons disappear.
You feel sick. The adder bites you.
* * * LOW HITPOINT WARNING * * *
😨 HP[-4]
You take 4 damage, and now have 7/21 hp.
Unknown command.
You closely miss the adder. Your headbutt misses the adder.
You feel sick. The adder bites you.
* * * LOW HITPOINT WARNING * * *
😱 HP[-3]
You take 3 damage, and now have 4/21 hp.
Unknown command.
You closely miss the adder.
You feel sick. The adder bites you.
You die...
Your body crumbles into a pile of gold.

Skill      XL: |  1 |
---------------+----+-----
Transmutations | 2 |  2.3
Fighting       | |  1.0
Dodging        | |  1.7
Unarmed Combat | |  2.9
Spellcasting   | |  2.2

Action                     || total
---------------------------++-------
  Melee: Unarmed           ||    39
         Kick              ||     6
         Headbutt          ||     2
   Cast: Beastly Appendage ||    13
    Use: Scroll            ||     2
 Armour: Robe              ||     9
  Dodge: Dodged            ||    15

Levels and vault maps discovered:
D:1:      psy_arrival_radial01, layout_rooms, ebering_ecumenical_altar_abandoned
D:2:      layout_basic, basic_altar, minmay_splitting_lines,
          kennysheep_generic_room_3, uniq_robin

Notes
Turn   | Place    | Note
-------+----------+-------------------------------------------
     0 | D:1      | kae the Demonspawn Transmuter began the quest for the Orb.
     0 | D:1      | Reached XP level 1. HP: 15/15 MP: 3/3
     0 | D:1      | magus.rc [v1.11.3]
     2 | D:1      | You pick up a book of Burglary and begin reading...
     2 | D:1      | You add the spells Passwall, Ensorcelled Hibernation and
                  | Swiftness to your library.
    54 | D:1      | Found a faded altar of an unknown god.
   104 | D:1      | Prayed at the altar of an unknown god.
   104 | D:1      | Became a worshipper of Gozag Ym Sagoz the Greedy
   115 | D:1      | You add the spells Blink, Manifold Assault and Storm Form
                  | to your library.
   132 | D:1      | Reached skill level 2 in Transmutations
   311 | D:1      | Mutation became permanent: You have a pair of small horns
                  | on your head. [demonic ancestry]
   311 | D:1      | Gained mutation: You have a pair of horns on your head.
                  | [demonic ancestry]
   311 | D:1      | Reached XP level 2. HP: 21/21 MP: 3/5
   748 | D:2      | You pick up a book of Party Tricks and begin reading...
   748 | D:2      | You add the spells Apportation and Alistair's Intoxication
                  | to your library.
   844 | D:2      | HP: 4/21 [adder (2)]
   845 | D:2      | Slain by an adder

Vanquished Creatures
  2 ball pythons (D:1)
  An endoplasm (D:1)
  3 goblins
  3 hobgoblins
  A kobold (D:2)
  A quokka (D:1)
  A bat (D:1)
  A frilled lizard (D:1)
  A rat (D:1)
14 creatures vanquished.

Table legend:
 A = Non-vault XP
 B = Vault XP
 C = Vault XP percentage of total XP
 D = Non-vault monster count
 E = Vault monster count
 F = Vault count percentage of total count
                 A         B        C        D         E       F
            +---------+---------+-------+---------+---------+-------
      Total |      21 |       2 |   8.7 |      13 |       1 |   7.1
            +---------+---------+-------+---------+---------+-------
        D:1 |      18 |       0 |   0.0 |      11 |       0 |   0.0
        D:2 |       3 |       2 |  40.0 |       2 |       1 |  33.3
            +---------+---------+-------+---------+---------+-------

Illustrated notes

Table legend:
 A = Kills in this place as a percentage of kills in the entire game.
 B = Kills by you in this place as a percentage of kills by you in the entire game.
 C = Kills by friends in this place as a percentage of kills by friends in the entire game.
 D = Other kills in this place as a percentage of other kills in the entire game.
 E = Experience gained in this place as a percentage of experience gained in the entire game.
 F = Experience gained in this place divided by the number of levels of this place that you have seen.
                   A       B       C       D       E      F
               +-------+-------+-------+-------+-------+----------------------
         Total | 100.0 | 100.0 |   N/A |   N/A | 100.0 |  11.5
       Dungeon | 100.0 | 100.0 |   N/A |   N/A | 100.0 |  11.5
               +-------+-------+-------+-------+-------+----------------------

Table legend: (Time is in decaauts)
 A = Elapsed time spent in this place.
 B = Non-inter-level travel time spent in this place.
 C = Inter-level travel time spent in this place.
 D = Time resting spent in this place.
 E = Time spent auto-exploring this place.
 F = Levels seen in this place.
 G = Mean time per level.
                   A        B        C        D        E       F      G
               +--------+--------+--------+--------+--------+-----+--------+
         Total |    843 |    837 |      6 |    100 |    603 |   2 |  421.5 |
       Dungeon |    843 |    837 |      6 |    100 |    603 |   2 |  421.5 |
               +--------+--------+--------+--------+--------+-----+--------+

Top non-repeatable levels by time:
     D:1: 638 daAuts
     D:2: 205 daAuts
